 Dungeon Crawl Stone Soup version 0.30-a0-629-gd54f4be4f7 (webtiles) character file.

Game seed: 11523886052034227169

3059 bmack86 the Fighter (level 9, -11/83 HPs)
             Began as a Minotaur Fighter on Jan 13, 2023.
             Was a Priest of Okawaru.
             Mangled by an orc knight
             ... wielding a +0 war axe
              (15 damage)
             ... in a bailey.
             The game lasted 00:16:16 (6042 turns).

bmack86 the Fighter (Minotaur Fighter)              Turns: 6042, Time: 00:16:16

Health: -11/83     AC: 24    Str: 26    XL:     9   Next: 57%
Magic:  10/10      EV:  7    Int:  5    God:    Okawaru [***...]
Gold:   539        SH:  5    Dex:  9    Spells: 8/8 levels left

rFire   . . .      SeeInvis .    a - +1 war axe
rCold   . . .      Faith    .    c - +0 buckler
rNeg    . . .      Spirit   .    o - +0 plate armour
rPois   .          Reflect  .    (helmet restricted)
rElec   .          Harm     .    (no cloak)
rCorr   .          Rampage  .    v - +1 pair of gloves
Will    .....                    A - +0 pair of boots Stlth
                                 (no amulet)
HPRegen 0.33/turn                h - +4 ring of protection
MPRegen 0.12/turn                n - +4 ring of protection

@: hasted, very quick
A: horns 2, retaliatory headbutt
a: Renounce Religion, Heroism


You were in a bailey.
You worshipped Okawaru.
Okawaru was most pleased with you.
You visited 2 branches of the dungeon, and saw 8 of its levels.
You also visited: Sewer, Ossuary and Bailey.

You collected 539 gold pieces.

Inventory:

Hand Weapons
 a - a +1 war axe (weapon)
 F - a +4 battleaxe
Missiles
 z - a boomerang of dispersal (quivered)
 M - 4 boomerangs
Armour
 b - a +0 scale mail
 c - a +0 buckler (worn)
 o - a +0 plate armour (worn)
 t - a +0 cloak
 v - a +1 pair of gloves (worn)
 A - a +0 pair of boots (worn)
Jewellery
 h - a +4 ring of protection (left hand)
 n - a +4 ring of protection (right hand)
 w - the ring of Henotheism {rElec Str+6 Dex+2 Slay-5 Stlth+}
   (You found it on level 4 of the Dungeon)

   [ring of strength]

   Str:       It affects your strength (+6).
   Dex:       It affects your dexterity (+2).
   Slay:      It affects your accuracy & damage with ranged weapons and melee
   (-5).
   rElec:     It insulates you from electricity.
   Stlth:     It makes you more stealthy.
 D - a ring of poison resistance
Wands
 r - a wand of polymorph (15)
 x - a wand of digging (17)
 B - a wand of light (8)
Scrolls
 f - 4 scrolls of teleportation
 i - a scroll of fear
 k - a scroll of immolation
 m - 3 scrolls of blinking
 p - a scroll of enchant weapon
 s - a scroll of vulnerability
 u - a scroll of enchant armour
 y - a scroll of amnesia
 E - 6 scrolls of identify
 L - a scroll of silence {unknown}
Potions
 d - 2 potions of might
 e - 2 potions of brilliance
 g - 3 potions of curing
 j - a potion of haste
 l - 2 potions of mutation
 q - 2 potions of flight
 C - 2 potions of berserk rage {unknown}
 G - a potion of degeneration {unknown}
 H - a potion of lignification {unknown}
 I - a potion of invisibility {unknown}
 J - 2 potions of ambrosia {unknown}
 K - 2 potions of attraction {unknown}


   Skills:
 * Level 9.2 Fighting
 * Level 8.9 Axes
 + Level 3.7 Throwing
 + Level 6.9 Armour
 + Level 6.9 Shields
 + Level 3.6 Invocations


You had 8 spell levels left.
You didn't know any spells.
Your spell library contained the following spells:

 Spells                   Type           Power      Damage    Failure   Level
 Sandblast                Erth           0%         2d4       100%        1
 Blink                    Tloc           0%         N/A       100%        2
 Cigotuvi's Dreadful Rot  Necr/Pois/Air  0%         N/A       100%        2
 Momentum Strike          Conj/Tloc      0%         3d8       100%        2
 Passwall                 Tmut/Erth      0%         N/A       100%        2
 Inner Flame              Hex/Fire       0%         N/A       100%        3
 Lesser Beckoning         Tloc           0%         N/A       100%        3
 Ozocubu's Armour         Ice            0%         N/A       100%        3
 Stone Arrow              Conj/Erth      0%         3d7       100%        3
 Dispel Undead            Necr           0%         3d6       100%        4
 Flame Wave               Conj/Fire      0%         2d4       100%        4
 Sticky Flame             Conj/Fire      0%         2d3       100%        4
 Ozocubu's Refrigeration  Ice            0%         4d7       100%        7
 Chain Lightning          Conj/Air       0%         N/A       100%        9
 Fire Storm               Conj/Fire      0%         5d1       100%        9
 Shatter                  Erth           0%         3d5*      100%        9
 Death Channel            Necr           Unusable   N/A       N/A         6

Dungeon Overview and Level Annotations

Branches:
Dungeon (7/15)             Temple (1/1) D:4           Sewer (visited)
Ossuary (visited)          Bailey (1/1)

Altars:
Ashenzari
Cheibriados
Elyvilon
Hepliaklqana
Makhleb
Nemelex Xobeh
Okawaru
Qazlal
Ru
Trog
Uskayaw
Vehumet
Wu Jian
Xom
Yredelemnul
The Shining One


Innate Abilities, Weirdness & Mutations

You have a pair of horns on your head.
You reflexively headbutt those who attack you in melee.


Message History

You kill the orc warrior!
Okawaru accepts your kill.
The orc knight hits you but does no damage.
The orc warrior hits you with a +0 hand axe!
You hit the orc knight.
The orc knight is moderately wounded.
You hit the orc warrior but do no damage.
The orc knight hits you with a +0 war axe.
The orc warrior hits you with a +0 hand axe.
You slice the orc knight!!
The orc knight is severely wounded.
You closely miss the orc warrior.
The orc warrior no longer looks unusually strong. x2
You closely miss the orc knight.
The orc knight is severely wounded.
You barely miss the orc warrior.
The orc knight hits you with a +0 war axe!
* * * LOW HITPOINT WARNING * * *
The orc warrior barely misses you.
You barely miss the orc knight. You headbutt the orc knight.
The orc knight is severely wounded.
You barely miss the orc warrior.
The orc knight roars a battlecry!
The orc warriors go into a battle-frenzy!
The orc warrior hits you but does no damage.
You barely miss the orc knight. Your headbutt misses the orc knight.
The orc knight is severely wounded.
You hit the orc warrior.
You feel like a meek peon again. The orc knight barely misses you.
You furiously retaliate!
You headbutt the orc knight. You block the orc warrior's attack.
You hit the orc knight but do no damage.
The orc knight is severely wounded.
You barely miss the orc warrior.
The orc knight hits you with a +0 war axe!
* * * LOW HITPOINT WARNING * * *
The orc warrior closely misses you.
You feel yourself speed up.
The orc knight hits you with a +0 war axe!
You die...

#?!∩?? !?...!
#...... .......
....... #######
....⌠..
##.....##o......
#.......@oo.....
##......)##......
#.........# .....
##.........##
8.88
#.....⌠.....# +##
#.........##
#.........#
##....)..##
#...)...#


You could see an orc knight and 2 orc warriors.

Vanquished Creatures
  Pikel (D:6)
  Joseph (D:7)
  Menkaure (D:7)
  6 orc warriors
  3 ice beasts
  2 black bears (D:6)
  An ogre (D:5)
  A centaur (D:6)
  2 bullfrogs (Sewer)
  2 necrophages
  A gnoll sergeant (D:6)
  2 scorpions
  4 hounds
  A jelly (D:7)
  2 orc priests
  5 orc wizards
  8 mummies (Ossuary)
  10 gnolls
  7 adders
  2 shadow imps
  A white imp (D:5)
  2 worms
  3 dart slugs
  19 orcs
  2 bats
  14 endoplasms
  13 giant cockroaches
  2 gnoll zombies (Ossuary)
  15 hobgoblins
  4 jackals (D:3)
  11 quokkas
  17 ball pythons
  10 frilled lizards
  17 goblins
  A goblin zombie (D:7)
  2 hobgoblin zombies (Ossuary)
  3 kobolds
  3 kobold zombies (Ossuary)
  An orc zombie (Ossuary)
  A rat (D:2)
  A rat zombie (D:7)
204 creatures vanquished.

Notes
Turn   | Place    | Note
-------+----------+-------------------------------------------
     0 | D:1      | bmack86 the Minotaur Fighter began the quest for the Orb.
     0 | D:1      | Reached XP level 1. HP: 19/19 MP: 0/0
   248 | D:1      | Reached XP level 2. HP: 27/27 MP: 1/1
   339 | D:1      | Reached skill level 4 in Fighting
   930 | D:2      | Reached XP level 3. HP: 33/33 MP: 2/2
   950 | D:2      | Reached XP level 4. HP: 31/41 MP: 3/3
  1092 | D:2      | Found a faded altar of an unknown god.
  1640 | D:3      | Found a white marble altar of Elyvilon.
  1845 | D:3      | Found a sparkling altar of Nemelex Xobeh.
  2184 | D:4      | Found a glowing drain.
  2201 | Sewer    | Entered a sewer
  2292 | Sewer    | Reached XP level 5. HP: 46/47 MP: 4/4
  2299 | Sewer    | Reached skill level 5 in Fighting
  2492 | Sewer    | Reached skill level 5 in Axes
  2492 | Sewer    | Reached XP level 6. HP: 38/57 MP: 5/5
  2646 | D:4      | Found a basalt altar of Yredelemnul.
  2657 | D:4      | Found a staircase to the Ecumenical Temple.
  2676 | Temple   | Entered the Ecumenical Temple
  2688 | Temple   | Became a worshipper of Warmaster Okawaru
  2734 | D:4      | Reached skill level 6 in Fighting
  2734 | D:4      | Reached skill level 5 in Shields
  2774 | D:4      | Identified the ring of Henotheism {rElec Str+6 Dex+2 Slay-5
                  | Stlth+}
  2926 | D:4      | Found a radiant altar of Vehumet.
  3239 | D:5      | Entered Level 5 of the Dungeon
  3285 | D:5      | Reached skill level 5 in Armour
  3475 | D:5      | Reached XP level 7. HP: 59/63 MP: 6/6
  3585 | D:5      | Reached * piety under Okawaru
  3586 | D:5      | Reached skill level 1 in Throwing
  3586 | D:5      | Reached skill level 1 in Invocations
  3601 | D:5      | Found a sacrificial altar of Ru.
  3601 | D:5      | Found a hide-covered altar of Uskayaw.
  3904 | D:5      | Found an ornate altar of the Wu Jian Council.
  3987 | D:6      | Reached skill level 7 in Fighting
  4209 | D:6      | Reached XP level 8. HP: 69/73 MP: 8/8
  4601 | D:6      | Reached ** piety under Okawaru
  4730 | D:6      | Noticed Pikel
  4740 | D:6      | Killed Pikel
  4741 | D:6      | Reached skill level 8 in Fighting
  5235 | D:6      | Reached XP level 9. HP: 80/82 MP: 10/10
  5408 | D:7      | Noticed Joseph
  5411 | D:7      | Noticed Menkaure
  5423 | D:7      | Killed Menkaure
  5430 | D:7      | Killed Joseph
  5430 | D:7      | Reached *** piety under Okawaru
  5576 | D:7      | Found a sand-covered staircase.
  5586 | Ossuary  | Entered an ossuary
  5859 | D:7      | Found a flagged portal.
  5889 | Bailey   | Entered a bailey
  5934 | Bailey   | Reached skill level 9 in Fighting
  6019 | Bailey   | Noticed an orc knight
  6041 | Bailey   | HP: 3/83 [orc knight/+0 war axe (12)]
  6042 | Bailey   | Mangled by an orc knight

Illustrated notes

Levels and vault maps discovered:
D:1:      lightli_arrival_maybe_door_vault, layout_loops_corners,
          grunt_decor_junction
D:2:      minmay_general_purpose_star, layout_loops_ring, basic_ecumenical_altar
D:3:      layout_basic, elyvilon_altar_3, mainiacjoe_overflow_paths,
          fountainhead, glass_columns_a, minmay_misc_feat_columns
D:4:      layout_loops_ring, mainiacjoe_overflow_tiny_flanked,
          nicolae_vehumet_radiance, minmay_temple_entry_grid,
          gup_sewer_entry_glass
D:5:      layout_basic, nzn_wu_jian_council_hall,
          mainiacjoe_overflow_divided_tiny
D:6:      layout_loops_corners, uniq_pikel
D:7:      layout_loops_ring, jmf_multi_god_temple2, amcnicky_altar_gilded,
          enter_bailey_4, enter_ossuary_4, uniq_menkaure, uniq_joseph
Temple:   hellmonk_temple_rainy
Bailey:   bailey_axe_minmay_hex_keep, bailey

Skill      XL: |  1  2  3  4  5  6  7  8  9 |
---------------+----------------------------+-----
Fighting       | 4 5 6 7 8 9 |  9.2
Axes           | 3 4 5 6 8 |  8.9
Armour         | 4 5 6 |  6.9
Shields        | 4 5 6 |  6.9
Throwing       | 1 3 |  3.7
Invocations    | 1 2 3 |  3.6

Action                   |  1- 3 |  4- 6 |  7- 9 || total
-------------------------+-------+-------+-------++-------
Melee: War axe           |    45 |   221 |   207 ||   473
       Headbutt          |     7 |    14 |    40 ||    61
Invok: Heroism           |       |       |     4 ||     4
  Use: Scroll            |       |    13 |     1 ||    14
       Potion            |       |       |     3 ||     3
Armor: Scale mail        |    23 |     6 |       ||    29
       Plate armour      |       |   237 |   186 ||   423
Dodge: Dodged            |    28 |    80 |    79 ||   187
Block: Buckler           |    14 |    65 |    56 ||   135

Table legend: (Time is in decaauts)
 A = Elapsed time spent in this place.
 B = Non-inter-level travel time spent in this place.
 C = Inter-level travel time spent in this place.
 D = Time resting spent in this place.
 E = Time spent auto-exploring this place.
 F = Levels seen in this place.
 G = Mean time per level.
                   A        B        C        D        E       F      G
               +--------+--------+--------+--------+--------+-----+--------+
         Total |   6226 |   6102 |    124 |    380 |   3634 |  11 |  566.0 |
       Dungeon |   5411 |   5287 |    124 |    356 |   3634 |   7 |  773.0 |
        Temple |     24 |     24 |      0 |      0 |      0 |   1 |   24.0 |
         Sewer |    445 |    445 |      0 |      0 |      0 |   1 |  445.0 |
       Ossuary |    197 |    197 |      0 |      0 |      0 |   1 |  197.0 |
        Bailey |    148 |    148 |      0 |     24 |      0 |   1 |  148.0 |
               +--------+--------+--------+--------+--------+-----+--------+

Top non-repeatable levels by time:
     D:6: 1448 daAuts
     D:1: 831 daAuts
     D:5: 746 daAuts
     D:2: 745 daAuts
     D:4: 712 daAuts
     D:3: 638 daAuts
   Sewer: 445 daAuts
     D:7: 289 daAuts
 Ossuary: 197 daAuts
  Bailey: 148 daAuts
  Temple: 24 daAuts
